 Dungeon Crawl Stone Soup version 0.17-a0-2002-g92c7e20 (webtiles) character file.

99216 brucemayne the Executioner (level 15, -4/211 HPs)
             Began as a Hill Orc Berserker on Oct 8, 2015.
             Was a High Priest of Trog.
             Slain by an emperor scorpion (8 damage)
             ... on level 4 of the Spider Nest.
             The game lasted 01:13:39 (10790 turns).

brucemayne the Executioner (Hill Orc Berserker)    Turns: 10790, Time: 01:13:40

Health: -4/211     AC: 28    Str: 29 (30) XL:     15   Next: 86%
Magic:  15/15      EV:  8    Int: 11      God:    Trog [*****.]
Gold:   658        SH:  0    Dex:  9 (10) Spells: 0 memorised, 14 levels left

rFire  + . .     SeeInvis .     t - +3 battleaxe (venom)
rCold  . . .     Clarity  +     I - +3 plate armour {rPois}
rNeg   + . .     SustAt   .     (no shield)
rPois  +         Gourm    .     j - +2 helmet
rElec  .         Spirit   .     A - +0 cloak
rCorr  .         Warding  .     (no gloves)
rMut   .         Stasis   .     i - +1 pair of boots
MR     +....                    C - amulet of regeneration
Stlth  ..........               f - +2 ring of protection
                                d - ring of positive energy

@: mighty, berserking, lethally poisoned (-4 -> -21), very quick, somewhat
resistant to hostile enchantments, extremely unstealthy
A: berserk 1, blurry vision 1, clarity, clever 1, fire resistance 1, sense
surroundings 1, slow regeneration 1, subdued magic 1
a: Burn Spellbooks, Berserk, Trog's Hand, Brothers in Arms, Renounce Religion
}: 1/15 runes: decaying


You were on level 4 of the Spider Nest.
You worshipped Trog.
Trog was extremely pleased with you.
You were hungry.

You visited 5 branches of the dungeon, and saw 32 of its levels.
You also visited: Labyrinth and Bailey.

You collected 1686 gold pieces.
You spent 1028 gold pieces at shops.

Inventory:

Hand Weapons
 h - a +5 antimagic executioner's axe
 l - the +2 whip "Qumpaum" {flame, rElec}
   (You found it on level 6 of the Dungeon)

   It has been specially enchanted to burn those struck by it, causing extra
   injury to most foes and up to half again as much damage against particularly
   susceptible opponents.
   It insulates you from electricity.
 t - a +3 battleaxe of venom (weapon)
 z - a +2 battleaxe of distortion
 R - a +1 battleaxe of flaming
Missiles
 b - 2 curare-tipped needles
 k - 25 tomahawks (quivered)
Armour
 i - a +1 pair of boots (worn)
 j - a +2 helmet (worn)
 A - a +0 cloak (worn)
 I - a +3 plate armour of poison resistance (worn)
 J - the +0 shield of Distant Shores {+Blink Stlth+}
   (You found it in a labyrinth)

   It lets you blink.
   It makes you more stealthy.
Jewellery
 d - a ring of positive energy (left hand)
 f - a +2 ring of protection (right hand)
 C - an amulet of regeneration (around neck)
 G - an uncursed ring of teleportation
Wands
 v - a wand of magic darts (33)
 x - a wand of enslavement (18)
Scrolls
 o - 2 scrolls of teleportation
 p - 6 scrolls of remove curse
 q - a scroll of enchant armour
 r - a scroll of immolation {unknown}
 u - 3 scrolls of noise
 y - 3 scrolls of enchant weapon
 D - 2 scrolls of recharging
 L - 2 scrolls of identify
Potions
 e - a potion of beneficial mutation
 m - a potion of resistance
 s - 2 potions of flight
 w - 4 potions of curing
 B - a potion of heal wounds
 F - a potion of agility
 H - 2 potions of might
 M - a potion of cancellation
 O - 2 potions of brilliance
 P - a potion of magic
Miscellaneous
 g - a box of beasts
Comestibles
 a - a royal jelly
 c - 3 bread rations
 n - 3 meat rations
 E - 3 chunks of flesh


   Skills:
 + Level 15.3 Fighting
 - Level 24.6 Axes
 + Level 13.1 Armour
 - Level 1.5 Dodging


You had 14 spell levels left.
You didn't know any spells.

Dungeon Overview and Level Annotations

Branches:
Dungeon (14/15)              Lair (6/8) D:10          Swamp (4/4) Lair:6
 Spider (4/4) Lair:6          Orc (4/4) D:10            Elf (0/3) Orc:3
 Temple: D:4-7        Slime: Lair:6-8    Vaults: D:13-14

Altars:
Elyvilon
Fedhas
Makhleb
Trog
Beogh

Shops:
D:10 [   D:12 =   Orc:1 %*   Orc:2 !   Orc:4 =[((

Annotations:
D:13 exclusion: downstairs
Swamp:3 Nikola


Innate Abilities, Weirdness & Mutations

You tend to lose your temper in combat.
Scrolls take you a little longer to read.
You possess an exceptional clarity of mind.
Your mind is acute. (Int +2)
Your flesh is heat resistant.
You passively map a small area around you.
You regenerate slowly when monsters are visible.
Your spells are a little easier to cast, but a little less powerful.


Message History

* * * LOW HITPOINT WARNING * * *
You feel sick.
Unknown command.
Unknown command.
Unknown command.
You closely miss the emperor scorpion.
The emperor scorpion is heavily wounded.
* * * LOW HITPOINT WARNING * * *
You feel sick. The emperor scorpion stings you.
* * * LOW HITPOINT WARNING * * *
The emperor scorpion claws you but does no damage. x2
Unknown command.
You closely miss the emperor scorpion.
The emperor scorpion is heavily wounded.
Unknown command.
You closely miss the emperor scorpion.
The emperor scorpion is heavily wounded.
* * * LOW HITPOINT WARNING * * *
You feel sick. The emperor scorpion stings you!
You die...

#≈.≈##..'#,,*##≈...≈###...#.
#≈...s.s'#,,*#≈....## #.....
##..†.≈##...##≈.≈^## #...#.
#..####,,..##≈.### ##....
##†## *,,,.##≈..## #..^.
#..##*****###≈.≈### #....
#≈†≈### #####.≈)≈.## ##^..
#≈..†.###...###....## #...
##≈....##@†≈.##.....# #...
#≈≈.....##s≈.###...≈# #...
*#≈≈#..≈†s≈≈≈## ##..≈# #...
#≈≈≈####≈...≈####≈.≈## #...
#≈..^* ##≈≈..≈≈.≈..≈# #^..
##^.#* ####≈.....≈## #...
#.#* #≈..≈.≈## #... ***
##≈.#≈## #..# ###### #..#


You could see an emperor scorpion.

Vanquished Creatures
  Rupert (Orc:2)
  2 orc warlords
  3 emperor scorpions
  4 ghost moths
  A minotaur (Lab)
  3 ice dragons (Swamp:4)
  A ghost crab (Swamp:3)
  2 hydras
  2 alligators (Swamp:4)
  5 orc high priests (Orc:4)
  A queen ant (Spider:3)
  The ghost of Rayvis the Cleaver, a novice MiFi of Qazlal (Bailey)
  4 spriggans
  A wizard (D:12)
  A shambling mangrove (Swamp:2)
  Pikel (D:6)
  A hill giant (D:12)
  The ghost of tp1 the Basher, a novice GrBe of Trog (Bailey)
  4 unseen horrors
  6 orb spiders
  8 orc knights
  19 wolf spiders
  3 ugly things
  3 cyclopes (D:12)
  2 hornets
  A black mamba (Lair:6)
  3 elephants (Lair:5)
  A griffon (D:12)
  5 spiny frogs
  A gargoyle (D:11)
  3 komodo dragons
  5 trolls
  4 freezing wraiths (Swamp:4)
  7 jumping spiders
  4 demonic crawlers
  2 giant leeches (Swamp:4)
  3 slime creatures
  5 two-headed ogres
  A bog body (Swamp:4)
  A trapdoor spider zombie (D:12)
  2 blink frogs (Lair:4)
  7 trapdoor spiders
  3 shadows
  25 redbacks
  16 tarantellas
  A human (D:11)
  4 deep elf magi
  6 yaks
  2 wraiths
  9 wolves (Lair:4)
  2 hungry ghosts (Lab)
  4 hippogriffs
  A mottled dragon (D:12)
  14 insubstantial wisps
  3 porcupines
  2 water moccasins
  4 vampire mosquitoes (Swamp:2)
  4 wargs
  7 swamp worms
  11 soldier ants
  2 black bears (D:12)
  Duvessa (D:6)
  13 hydra simulacra (Swamp:4)
  5 spiders
  A swamp drake (Swamp:4)
  An ice beast (D:12)
  46 orc warriors
  A phantom (D:12)
  2 sky beasts
  12 ogres
  A big kobold (D:10)
  4 centaurs
  6 wasps
  2 crocodiles
  4 giant frogs
  Dowan (D:6)
  2 wights (D:9)
  A scorpion (D:10)
  8 killer bees
  3 crimson imps
  A giant frog zombie (D:12)
  4 iguanas
  A jelly (D:10)
  2 centaur skeletons
  19 orc priests
  11 orc wizards
  5 hounds
  9 worker ants
  A hound zombie (D:11)
  4 adders
  13 gnolls (Bailey)
  15 river rats
  2 shadow imps
  3 swamp drake simulacra (Swamp:4)
  An ooze (D:1)
  An adder skeleton (D:9)
  A worm (D:2)
  2 giant geckos
  244 orcs
  5 bats
  A giant cockroach (D:3)
  23 goblins
  17 hobgoblins
  6 kobolds
  3 giant newts
  4 rats
  4 fungi
  A plant (Lair:5)
772 creatures vanquished.

Vanquished Creatures (collateral kills)
  An orc warlord (Orc:4)
  An alligator (Swamp:2)
  An orc high priest (Orc:4)
  2 slime creatures (Swamp:3)
  A vampire mosquito (Swamp:2)
  A warg (Orc:4)
  A swamp worm (Swamp:3)
  2 orc priests (Orc:4)
  A gnoll shaman (Orc:4)
  9 orcs (Orc:4)
20 creatures vanquished.

Vanquished Creatures (others)
  A swamp dragon (Swamp:4)
  A bog body (Swamp:4)
  A human (D:11)
  A wasp (Swamp:3)
  A jelly (D:6)
  4 fungi
  2 plants (D:10)
11 creatures vanquished.

Grand Total: 803 creatures vanquished

Notes
Turn   | Place    | Note
--------------------------------------------------------------
     0 | D:1      | brucemayne the Hill Orc Berserker began the quest for the Orb.
     0 | D:1      | Reached XP level 1. HP: 19/19 MP: 1/1
   106 | D:2      | Reached XP level 2. HP: 26/26 MP: 2/2
   180 | D:2      | Reached skill level 5 in Axes
   325 | D:2      | Reached XP level 3. HP: 31/31 MP: 3/3
   454 | D:3      | Found a bloodstained altar of Trog.
   454 | D:3      | Found a burning altar of Makhleb.
   455 | D:3      | Found a white marble altar of Elyvilon.
   477 | D:3      | Reached skill level 6 in Axes
   477 | D:3      | Reached XP level 4. HP: 18/39 MP: 4/4
   477 | D:3      | Acquired Trog's second power
   551 | D:5      | Entered Level 5 of the Dungeon
   574 | D:5      | Noticed a centaur
   586 | D:5      | Killed a centaur
   586 | D:5      | Reached skill level 7 in Axes
   586 | D:5      | Reached XP level 5. HP: 18/45 MP: 5/5
   596 | D:5      | Noticed a sky beast
   649 | D:5      | Killed a sky beast
   649 | D:5      | Reached skill level 8 in Axes
   649 | D:5      | Reached XP level 6. HP: 27/51 MP: 6/6
   653 | D:5      | Gained mutation: Your mind is acute. (Int +2) [mutagenic meat]
   654 | D:5      | Gained mutation: You tend to lose your temper in combat. [mutagenic meat]
   655 | D:5      | Gained mutation: Scrolls take you a little longer to read. [mutagenic meat]
   656 | D:5      | Gained mutation: You passively map a small area around you. [mutagenic meat]
   657 | D:5      | Gained mutation: You regenerate slowly when monsters are visible. [mutagenic meat]
   736 | D:5      | Reached skill level 9 in Axes
   831 | D:5      | Found a blossoming altar of Fedhas.
   892 | D:6      | Noticed Pikel
   898 | D:6      | Noticed Duvessa
   899 | D:6      | Noticed Dowan
   911 | D:6      | Killed Pikel
   911 | D:6      | Reached skill level 11 in Axes
   911 | D:6      | Reached XP level 7. HP: 57/57 MP: 7/7
   912 | D:6      | Killed Duvessa
   912 | D:6      | Reached XP level 8. HP: 64/64 MP: 8/8
   916 | D:6      | Killed Dowan
   916 | D:6      | Reached skill level 12 in Axes
   959 | D:6      | Got a brightly glowing whip
  1167 | D:9      | Identified the cursed +2 whip "Qumpaum" {flame, rElec} (You found it on level 6 of the Dungeon)
  1172 | D:10     | Entered Level 10 of the Dungeon
  1269 | D:10     | Found a staircase to the Lair.
  1337 | D:10     | Noticed a komodo dragon
  1359 | D:10     | Killed a komodo dragon
  1359 | D:10     | Reached skill level 13 in Axes
  1399 | D:10     | Noticed a troll
  1412 | D:10     | Killed a troll
  1412 | D:10     | Reached skill level 14 in Axes
  1412 | D:10     | Reached XP level 9. HP: 36/70 MP: 9/9
  1617 | D:11     | Reached skill level 15 in Axes
  1623 | D:11     | Noticed a green ugly thing
  1639 | D:11     | Killed a green ugly thing
  1722 | D:11     | Gained mutation: Your spells are a little easier to cast, but a little less powerful. [mutagenic meat]
  1723 | D:11     | Gained mutation: You possess an exceptional clarity of mind. [mutagenic meat]
  1732 | D:11     | Found a flagged portal.
  1761 | D:10     | Reached skill level 16 in Axes
  1835 | Bailey   | Entered a bailey
  1912 | Bailey   | Reached XP level 10. HP: 48/77 MP: 10/10
  1927 | Bailey   | Reached skill level 17 in Axes
  2018 | Bailey   | Noticed Rayvis's ghost (novice MiFi)
  2059 | Bailey   | Killed Rayvis's ghost
  2087 | Bailey   | Noticed tp1's ghost (novice GrBe)
  2105 | Bailey   | Killed tp1's ghost
  2105 | Bailey   | Reached skill level 18 in Axes
  2218 | Bailey   | Noticed an orc knight
  2273 | Bailey   | Killed an orc knight
  2427 | Bailey   | Noticed an orc knight
  2461 | Bailey   | Killed an orc knight
  2532 | Bailey   | Noticed an orc knight
  2532 | Bailey   | Noticed an orc warlord
  2584 | Bailey   | Killed an orc warlord
  2584 | Bailey   | Reached skill level 19 in Axes
  2584 | Bailey   | Reached XP level 11. HP: 55/82 MP: 11/11
  2607 | Bailey   | Killed an orc knight
  2607 | Bailey   | Reached skill level 20 in Axes
  2665 | Bailey   | Gained mutation: Your flesh is heat resistant. [potion of beneficial mutation]
  2864 | D:12     | Found Wiadupo's Jewellery Shoppe.
  3013 | D:12     | Killed an unseen horror
  3013 | D:12     | Reached skill level 5 in Fighting
  3024 | D:12     | Found a labyrinth entrance.
  3043 | Lab      | Entered a labyrinth
  3272 | Lab      | Killed an unseen horror
  3274 | Lab      | Killed an unseen horror
  3274 | Lab      | Reached skill level 5 in Armour
  3403 | Lab      | Noticed a minotaur
  3415 | Lab      | Killed a minotaur
  3423 | Lab      | Got a shimmering shield
  3498 | D:12     | Noticed a hill giant
  3508 | D:12     | Killed a hill giant
  3585 | D:12     | Reached XP level 12. HP: 52/101 MP: 12/12
  3655 | D:12     | Noticed a wizard
  3658 | D:12     | Killed a wizard
  3750 | D:12     | Killed an unseen horror
  3871 | D:11     | Noticed a gargoyle
  3876 | D:11     | Killed a gargoyle
  3965 | D:13     | Noticed a five-headed hydra
  3978 | D:13     | Killed an eight-headed hydra
  4055 | D:14     | Noticed a five-headed hydra
  4094 | D:11     | Noticed a death yak
  4094 | D:11     | Noticed a death yak
  4094 | D:11     | Noticed a death yak
  4257 | D:12     | Reached skill level 10 in Fighting
  4261 | D:12     | Acquired Trog's third power
  4300 | D:12     | Bought a cursed ring of teleportation for 232 gold pieces
  4671 | D:10     | Found a staircase to the Orcish Mines.
  4683 | Orc:1    | Entered Level 1 of the Orcish Mines
  4830 | Orc:2    | Found Gikk's Distillery.
  4851 | Orc:2    | Noticed Rupert
  4978 | Orc:2    | Killed Rupert
  4978 | Orc:2    | Reached skill level 10 in Armour
  5039 | Orc:1    | Received a gift from Trog
  5066 | Orc:1    | Reached XP level 13. HP: 85/115 MP: 13/13
  5075 | Orc:1    | Found Zuvufos's Food Shoppe.
  5119 | Orc:1    | Found Jacuaris's Assorted Antiques.
  5145 | Orc:1    | Bought a scroll labeled ERCHIO BEKIVOMP for 31 gold pieces
  5199 | Orc:3    | Found a staircase to the Elven Halls.
  5270 | Orc:4    | Entered Level 4 of the Orcish Mines
  5587 | Orc:4    | Noticed an orc warlord
  5659 | Orc:4    | Killed an orc warlord
  5762 | Orc:4    | Received a gift from Trog
  5900 | Orc:4    | Reached skill level 21 in Axes
  6096 | Orc:4    | Noticed an orc warlord
  6119 | Orc:4    | Killed an orc warlord
  6164 | Orc:4    | Found a roughly hewn altar of Beogh.
  6468 | Orc:4    | Found Ciacvaf's Armour Boutique.
  6575 | Orc:4    | Found Piri's Jewellery Shop.
  6583 | Orc:4    | Bought an uncursed amulet of regeneration for 420 gold pieces
  6760 | Orc:4    | Received a gift from Trog
  6772 | Orc:4    | Found a roughly hewn altar of Beogh.
  6804 | Orc:4    | Found Qual's Antique Weapon Boutique.
  6818 | Orc:4    | Found Fuump's Antique Weapon Shop.
  6932 | Orc:4    | Reached skill level 22 in Axes
  7501 | Orc:2    | Bought a potion of might for 60 gold pieces
  7501 | Orc:2    | Bought a potion of resistance for 150 gold pieces
  7501 | Orc:2    | Bought a potion of heal wounds for 75 gold pieces
  7501 | Orc:2    | Bought a potion of agility for 60 gold pieces
  7524 | D:10     | Found Wook Ast's Armour Emporium.
  7526 | D:10     | Noticed a troll
  7536 | D:10     | Killed a troll
  7625 | Lair:1   | Entered Level 1 of the Lair of Beasts
  7646 | Lair:1   | Identified the cursed +0 shield of Distant Shores {+Blink Stlth+} (You found it in a labyrinth)
  7788 | Lair:3   | Received a gift from Trog
  7882 | Lair:4   | Reached XP level 14. HP: 127/127 MP: 14/14
  7975 | Lair:4   | You fall through a shaft!
  8029 | Lair:5   | Reached skill level 23 in Axes
  8059 | Lair:6   | Found a staircase to the Swamp.
  8093 | Swamp:1  | Entered Level 1 of the Swamp
  8372 | Swamp:4  | Entered Level 4 of the Swamp
  8577 | Swamp:4  | Received a gift from Trog
  8759 | Swamp:4  | Reached skill level 24 in Axes
  9123 | Swamp:4  | Got a decaying rune of Zot
  9181 | Swamp:3  | Noticed Nikola
  9189 | Swamp:3  | Noticed a thorn hunter
  9261 | Lair:6   | Got a dazzling plate armour
  9272 | Lair:6   | Identified the +1 plate armour "Tasevan" {MR++ Str+2} (You found it on level 6 of the Lair of Beasts)
  9357 | Lair:6   | Found a hole to the Spider Nest.
  9380 | Spider:1 | Entered Level 1 of the Spider Nest
  9808 | Spider:2 | Noticed an emperor scorpion
  9829 | Spider:2 | Killed a ghost moth
  9829 | Spider:2 | Reached XP level 15. HP: 120/136 MP: 0/15
  9851 | Spider:2 | Killed an emperor scorpion
  9956 | Spider:2 | Received a gift from Trog
  9994 | Spider:4 | Entered Level 4 of the Spider Nest
 10348 | Spider:4 | Received a gift from Trog
 10586 | Spider:4 | Reached skill level 15 in Fighting
 10785 | Spider:4 | HP: 10/211 [emperor scorpion (3)]
 10788 | Spider:4 | HP: 4/211 [emperor scorpion (2)]
 10790 | Spider:4 | Slain by an emperor scorpion

Vault maps used:
D:1:      onia_arrival_mini_spirals, minmay_misc_feat_plants, fountainhead
D:2:      wad_river_or_something, nicolae_dithmenos_shadow_blocks
D:3:      gammafunk_temple_overflow_claw
D:4:      grunt_qazlal_clouds, serial_shops, shop, first_bread,
          uniq_crazy_yiuf_cottage, uniq_menkaure
D:5:      fedhas_altar_2, gup_sewer_entry_glass
D:6:      serial_shops, nicolae_shop_behind_doors, uniq_pikel, uniq_sigmund,
          uniq_duvessa, uniq_eustachio
D:7:      minmay_temple_entry_enclosed_plants
D:8:      basic_altar, hangedman_pestilent_swarm, uniq_grum
D:9:      minmay_tri_box, old_standard_altar, basic_altar
D:10:     david_lair_shrubbed, orc_0_dummy, serial_shops, shop,
          minmay_variable_closet, hangedman_decor_growths, dk_noncrumbling_3,
          lightli_orcish_oven
D:11:     slaughterhouse, enter_bailey_3, basic_altar
D:12:     minmay_spiral_squares, serial_shops, shop, lab_entry_generic,
          serial_co_window_serial, co_window_paths_a, co_window_paths_a,
          co_window_corner_a, co_window_paths_a, co_window_paths_b,
          co_window_of_opportunity_a, co_window_corner_b, co_window_corner_b,
          co_window_corner_b
D:13:     statuecave_lemuel, uniq_maurice
D:14:     david_vaults_5, elyvilon_altar_5, grunt_ministairs_1
Lair:1:   uniq_erica
Lair:5:   infiniplex_staircase_pool, grunt_megastairs_4
Lair:6:   minmay_swamp_entry_reptiles, spider_nest_entry_rubble
Swamp:1:  evilmike_swamp_ruin_wall, swamp_pool1, lightli_tree_ring
Swamp:2:  hangedman_swamp_diagram, nicolae_swamp_feature_on_the_river_bank
Swamp:3:  nicolae_swamp_fairy_circle, swamp_pool2, uniq_nikola
Swamp:4:  swamp_icy
Spider:2: uniq_arachne
Spider:3: minivault_29, uniq_donald
Spider:4: spider_rune_water
Orc:1:    serial_shops, shop_statue, nicolae_shop_overgrown_old_shop
Orc:2:    nicolae_orc_accident_1, serial_shops, nicolae_shop_trees,
          uniq_nergalle, uniq_rupert
Orc:3:    serial_shops, nicolae_orc_pool_cavern
Orc:4:    pubby_orc_utopia
Lab:      labyrinth_hidden_loot, nicolae_lab_dead_end, nicolae_lab_quarters,
          nicolae_lab_blocks, nicolae_lab_big_swirl, lab_block
Bailey:   bailey_axe_minmay_hex_keep, bailey

Action                   |  1- 3 |  4- 6 |  7- 9 | 10-12 | 13-15 || total
-------------------------+-------+-------+-------+-------+-------++-------
Melee: Hand axe          |    84 |    78 |    25 |       |       ||   187
       Battleaxe         |       |       |    87 |   529 |  1264 ||  1880
       Executioner's axe |       |       |       |       |    34 ||    34
Invok: Berserk           |     3 |     3 |     6 |    11 |     9 ||    32
       Trog's Hand       |       |     2 |     8 |    15 |    21 ||    46
       Brothers in Arms  |       |       |       |       |     5 ||     5
 Abil: Evoke Teleportati |       |       |       |       |     1 ||     1
  Use: Potion            |     2 |     5 |     4 |     5 |     2 ||    18
       Scroll            |       |     2 |     3 |    11 |    16 ||    32
 Stab: Invisible         |       |       |       |    15 |       ||    15
       Distracted        |       |       |       |       |     2 ||     2
  Eat: Chunk             |     1 |    10 |    11 |    15 |    25 ||    62
       Fruit             |       |       |     2 |       |     8 ||    10
       Beef jerky        |       |       |     1 |       |     4 ||     5
       Pizza             |       |       |       |     3 |       ||     3
       Meat ration       |       |       |       |     1 |       ||     1
       Bread ration      |       |       |       |     1 |     1 ||     2
